 Dungeon Crawl Stone Soup version 0.24-a0-251-g44e327ef01 (webtiles) character file.

Game seed: 17017439243285551259

15907 Redear the Covert (level 12, 0/58 HPs)
             Began as a Felid Fighter on Apr 16, 2019.
             Was a High Priest of Dithmenos.
             Slain by a red ugly thing (13 damage)
             ... in a volcano.
             The game lasted 00:49:57 (21227 turns).

Redear the Covert (Felid Fighter)                  Turns: 21227, Time: 00:49:57

Health: 0/58       AC:  7    Str: 12    XL:     12   Next: 5%
Magic:  17/17      EV: 31    Int: 14    God:    Dithmenos [*****.]
Gold:   1083       SH:  0    Dex: 21    Spells: 1/11 levels left
                                        Lives:  0   Deaths: 3

rFire    . . .     SeeInvis +     - Unarmed
rCold    + . .     Gourm    .   (shield unavailable)
rNeg     . . .     Faith    .   (armour unavailable)
rPois    .         Spirit   .   (helmet unavailable)
rElec    .         Reflect  .   (cloak unavailable)
rCorr    .         Harm     .   (gloves unavailable)
MR       ++...                  (boots unavailable)
Stlth    +++++++++.             b - amulet of rage {+Rage}
HPRegen  0.19/turn              h - +3 ring of dexterity
MPRegen  0.15/turn              e - +4 ring of protection

@: wreathed by umbra, quick
A: very small, no armour, no weapons or thrown items, stealth, claws 1, fangs 3,
see invisible, agile 1, carnivore, speed 1, magic resistance 1, screaming 1,
shaggy fur 3, slow metabolism 1, wild magic 1, sharp paws
a: Shadow Step, Shadow Form, Renounce Religion, Evoke Berserk Rage


You were in a volcano.
You worshipped Dithmenos.
Dithmenos was extremely pleased with you.
You were full.

You visited 3 branches of the dungeon, and saw 17 of its levels.
You also visited: Volcano.

You collected 1320 gold pieces.
You spent 237 gold pieces at shops.

Inventory:

Jewellery
 b - an amulet of rage (around neck) {+Rage}
 e - a +4 ring of protection (right paw)
 g - an uncursed ring of resist corrosion
 h - a +3 ring of dexterity (left paw)
 m - an uncursed ring of protection from magic {MR+}
 t - an uncursed amulet of guardian spirit {unknown}
 x - an uncursed ring of stealth {Stlth+}
 y - an uncursed ring of wizardry {Wiz+}
Wands
 A - a wand of acid (1)
 D - a wand of digging (8)
 E - a wand of enslavement (5)
 I - a wand of iceblast (3)
Scrolls
 i - 4 scrolls of amnesia
 k - 4 scrolls of fog
 n - 2 scrolls of noise
 s - 2 scrolls of immolation
 B - a scroll of summoning {unknown}
 C - a scroll of silence {unknown}
 N - 11 scrolls of remove curse {@r2}
 T - 6 scrolls of teleportation {@r3}
Potions
 a - 5 potions of might {Str+5 DMG+1d10 | @q3}
 d - 2 potions of cancellation
 l - 2 potions of flight
 o - 2 potions of lignification
 r - 2 potions of mutation {!q}
 v - a potion of agility {Stlth+ Dex+5 EV+5 | @q4}
Comestibles
 z - 31 rations


   Skills:
 - Level 10.2 Fighting
 - Level 12.8 Dodging
 - Level 13.2 Stealth
 - Level 10.5 Unarmed Combat
 + Level 6.5 Transmutations
 + Level 5.4 Earth Magic
 - Level 6.1 Invocations


You had one spell level left.
You knew the following spells:

 Your Spells              Type           Power        Failure   Level  Hunger
m - Mephitic Cloud        Conj/Pois/Air  #.......     73%         3    ####...
z - Beastly Appendage     Tmut           ###...       3%          1    ##.....
Y - Statue Form           Tmut/Erth      ###......    99%         6    #######

Your spell library contained the following spells:

 Spells                   Type           Power        Failure   Level  Hunger
 Sting                    Conj/Pois      #...         36%         1    ##.....
 Sticks to Snakes         Tmut           ###.....     5%          2    ###....
 Spider Form              Tmut/Pois      ##........   30%         3    ####...
 Poisonous Vapours        Pois/Air       #.....       50%         2    ###....
 Blade Hands              Tmut           ###.......   58%         5    ######.
 Ice Form                 Ice/Tmut       ##......     67%         4    #####..
 Irradiate                Conj/Tmut      ##........   95%         5    ######.
 Olgreb's Toxic Radiance  Pois           #.......     98%         4    #####..
 Hydra Form               Tmut           ###.......   98%         6    #######
 Venom Bolt               Conj/Pois      #.........   100%        5    ######.
 Dragon Form              Tmut           ###.......   100%        7    #######


Dungeon Overview and Level Annotations

Branches:
Dungeon (12/15)            Temple (1/1) D:5            Lair (4/6) D:10
  Swamp (0/4) Lair:3        Snake (0/4) Lair:2          Orc (0/2) D:11

Altars:
Dithmenos
Fedhas
Hepliaklqana
Nemelex Xobeh
Ru
Sif Muna
Trog
Xom
Yredelemnul
The Shining One

Shops:
D:4 %*

Annotations:
D:4 Eustachio
D:12 Josephine
Lair:2 1 runed translucent door, Jimy's ghost, journeyman NaFi
Lair:3 3 runed translucent doors, Gastronok; Geaczug's ghost, journeyman TrMo


Innate Abilities, Weirdness & Mutations

You cannot wear armour.
You are incapable of wielding weapons or throwing items.
Your paws allow you to move quietly. (Stealth)
You have sharp claws.
You have razor-sharp teeth.
You have supernaturally acute eyesight. (SInv)
You are carnivorous and can eat meat at any time.
You cover ground quickly.
Your thick and shaggy fur keeps you warm. (AC +3, rC+)
You have a slow metabolism.
Your sharp claws are effective at attacking unaware monsters.
You are agile. (Dex +2)
You are resistant to hostile enchantments. (MR+)
You occasionally shout uncontrollably at your foes.
Your spells are a little harder to cast, but a little more powerful.


Message History

Evoke which item? (* to show all) (? for menu, Esc to quit)
Aiming: Corrosive Bolt
Press: ? - help, Shift-Dir - straight line, f/p - red ugly thing
Aim: a red ugly thing (moderately wounded, covered in acid, umbra)
The bolt of acid hits the red ugly thing!
The red ugly thing is splashed with acid.
The red ugly thing seems to be corroded for longer.
The red ugly thing is heavily wounded.
Evoke which item? (* to show all) (? for menu, Esc to quit)
Aiming: Corrosive Bolt
Press: ? - help, Shift-Dir - straight line, f/p - red ugly thing
Aim: a red ugly thing (heavily wounded, covered in acid, umbra)
The bolt of acid hits the red ugly thing!
The red ugly thing is splashed with acid.
The red ugly thing seems to be corroded for longer.
The red ugly thing is severely wounded.
The red ugly thing headbutts you!
* * * LOW HITPOINT WARNING * * *
You are engulfed in flames!
You die...

≈≈≈≈§≈§§# #§8§8.# § §§≈≈≈§≈.#
#§.)..# §§≈§§≈≈.###++###'### ≈○≈≈
§≈≈≈§≈≈.#......#.# .. ≈≈≈≈≈
≈≈≈≈§≈≈.######.#†# .§§≈≈°§≈
≈≈§§§≈§§# #.# .§§≈≈≈°≈ ≈≈§≈§≈§§#
#.# #§§§≈≈≈≈§ ≈≈§§≈≈§.# #u#
#.≈§§≈§§§ ≈≈≈§§≈§§# #@# #§≈≈≈≈≈§§
≈≈§§§§≈§########+########.≈≈≈≈≈≈§
≈≈≈≈≈§§§.§§....§..§§§....§≈≈≈≈≈≈§
≈≈§§§≈≈§≈§§≈§≈§§≈§≈§≈§≈≈.§≈≈≈§≈≈§
≈≈≈§≈≈§§≈§≈§§§§§≈≈§≈§§§§§≈≈≈§≈§≈§
≈≈§≈≈≈≈§≈§§≈≈≈§≈§§§≈§§§§≈§≈≈§≈§§≈
≈≈≈§≈≈≈≈≈§§≈≈≈≈≈≈§§≈≈≈§≈≈≈§§§§≈≈≈
≈≈≈§≈≈§§≈≈≈.≈≈≈§§§≈§≈§§≈≈≈§§§≈≈.§
≈§≈§§≈≈§§§....≈§§§§§§§§§§≈≈§§§§..


You could see a red ugly thing.

Vanquished Creatures
  2 hydras (D:11)
  A two-headed ogre (D:11)
  A sun demon (Volcano)
  An unseen horror (D:10)
  An orc knight (D:11)
  Pikel (D:6)
  3 ugly things
  A manticore (D:11)
  2 black mambas (Lair:1)
  Joseph (D:7)
  Psyche (D:8)
  2 spiny frogs
  2 rime drakes
  6 komodo dragons
  A red devil (Volcano)
  A troll (D:6)
  Prince Ribbit (D:5)
  5 blink frogs (Lair:1)
  Grinder (D:6)
  4 hippogriffs
  2 wraiths
  A wyvern (Lair:1)
  A human (D:11)
  22 yaks
  A basilisk (Lair:3)
  A fire bat (Volcano)
  Grum (D:8)
  4 hungry ghosts
  2 wargs
  Menkaure (D:5)
  An acid dragon (D:11)
  6 nagas (Lair:2)
  A hell hound (Volcano)
  7 water moccasins
  2 porcupines
  2 orc warriors
  2 sky beasts
  2 ice beasts
  4 black bears
  2 phantoms
  3 ogres
  11 wolves
  A necrophage (D:9)
  6 centaurs
  3 crocodiles
  2 big kobolds
  A gnoll sergeant (D:10)
  8 bullfrogs
  A wyvern skeleton (D:9)
  4 scorpions
  A water moccasin skeleton (D:4)
  3 killer bees (D:11)
  3 howler monkeys
  5 wights (D:10)
  A bullfrog zombie (D:5)
  8 crimson imps
  9 lava snakes
  A centaur skeleton (D:2)
  5 hounds
  A bullfrog skeleton (D:8)
  6 orc priests
  3 iguanas
  8 orc wizards
  A hell rat (Lair:3)
  16 worker ants
  2 hound skeletons
  A howler monkey zombie (D:7)
  6 gnolls
  7 adders
  A howler monkey skeleton (D:11)
  6 shadow imps
  An adder skeleton (D:7)
  A worm (D:3)
  3 dart slugs
  3 leopard geckos
  40 orcs
  4 giant cockroaches
  5 goblins
  9 hobgoblins
  5 jackals
  14 kobolds
  2 quokkas
  4 ball pythons
  5 bats
  2 frilled lizards
  A giant cockroach zombie (D:5)
  A leopard gecko skeleton (D:7)
  A leopard gecko zombie (D:7)
  A quokka zombie (D:9)
  8 rats
347 creatures vanquished.

Vanquished Creatures (others)
  A howler monkey (D:6)
  A crimson imp (D:6)
  An adder zombie (D:6)
  5 fungi
  3 plants
11 creatures vanquished.

Grand Total: 358 creatures vanquished

Notes
Turn   | Place    | Note
-------+----------+-------------------------------------------
     0 | D:1      | Redear the Felid Fighter began the quest for the Orb.
     0 | D:1      | Reached XP level 1. HP: 10/10 MP: 2/2
   547 | D:1      | Reached skill level 1 in Stealth
   558 | D:1      | Reached XP level 2. HP: 14/14 MP: 3/3
  1038 | D:1      | Reached XP level 3. HP: 17/17 MP: 4/4
  1554 | D:2      | Reached skill level 2 in Stealth
  1856 | D:2      | Found a sacrificial altar of Ru.
  2085 | D:2      | Reached XP level 4. HP: 22/22 MP: 5/5
  2090 | D:2      | Found a deep blue altar of Sif Muna.
  2212 | D:3      | Found a glowing golden altar of the Shining One.
  2235 | D:3      | Found a shadowy altar of Dithmenos.
  2519 | D:3      | Found a bloodstained altar of Trog.
  2980 | D:3      | Became a worshipper of Dithmenos the Shadowed
  3010 | D:3      | Reached skill level 5 in Dodging
  3117 | D:4      | Noticed an ogre
  3126 | D:3      | HP: 2/22 [ogre/+0 giant spiked club (20)]
  3717 | D:3      | Killed an ogre
  3717 | D:3      | Reached skill level 4 in Fighting
  3717 | D:3      | Reached skill level 3 in Stealth
  3717 | D:3      | Reached XP level 5. HP: 25/25 MP: 6/6
  3767 | D:4      | Noticed Eustachio
  3783 | D:4      | Reached skill level 5 in Unarmed Combat
  4129 | D:4      | Found a blossoming altar of Fedhas.
  4185 | D:4      | Reached skill level 4 in Stealth
  4185 | D:4      | Gained mutation: You are covered in thick fur. (AC +2)
                  | [Felid growth]
  4185 | D:4      | Reached XP level 6. HP: 29/29 MP: 7/7
  4489 | D:4      | Found Jyidda's Assorted Antiques.
  4494 | D:4      | Bought a scroll labeled WEAMENLUEF for 27 gold pieces
  4494 | D:4      | Bought a blue potion for 24 gold pieces
  4494 | D:4      | Bought a large onyx ring for 135 gold pieces
  4494 | D:4      | Bought a fizzy golden potion for 24 gold pieces
  4494 | D:4      | Bought a scroll labeled GOWKOU SILAHAI for 27 gold pieces
  4601 | D:4      | Found Niteocen's Food Shoppe.
  4624 | D:4      | Reached skill level 6 in Dodging
  5044 | D:5      | Entered Level 5 of the Dungeon
  5049 | D:5      | Noticed Menkaure
  5085 | D:5      | Killed Menkaure
  5085 | D:5      | Reached skill level 5 in Stealth
  5085 | D:5      | Reached XP level 7. HP: 19/33 MP: 8/8
  5218 | D:5      | Noticed Prince Ribbit
  5248 | D:5      | Mangled by Prince Ribbit
  5249 | D:5      | Reached XP level 6. HP: -7/30 MP: 7/7
  5411 | D:5      | Reached skill level 5 in Fighting
  5556 | D:5      | Killed Prince Ribbit
  5556 | D:5      | Reached skill level 7 in Dodging
  5556 | D:5      | Reached skill level 6 in Stealth
  5556 | D:5      | Reached skill level 6 in Unarmed Combat
  5556 | D:5      | Reached XP level 7. HP: 33/33 MP: 8/8
  5603 | D:5      | Reached * piety under Dithmenos
  6169 | D:5      | Found a staircase to the Ecumenical Temple.
  6229 | D:5      | HP: 2/34 [orc/+1 hand axe of draining (2)]
  6246 | Temple   | Entered the Ecumenical Temple
  6498 | D:5      | Reached XP level 8. HP: 34/38 MP: 9/9
  6541 | D:5      | Reached skill level 7 in Stealth
  6754 | D:6      | Reached skill level 6 in Fighting
  7010 | D:6      | Noticed Pikel
  7034 | D:6      | Paralysed by Pikel for 3 turns
  7038 | D:6      | Killed Pikel
  7038 | D:6      | Reached skill level 8 in Dodging
  7038 | D:6      | Reached skill level 8 in Stealth
  7038 | D:6      | Reached skill level 7 in Unarmed Combat
  7372 | D:6      | Noticed Grinder
  7383 | D:6      | Paralysed by Grinder for 2 turns
  7392 | D:6      | Killed Grinder
  7804 | D:6      | Found a glowing golden altar of the Shining One.
  7806 | D:6      | Noticed a troll
  7813 | D:6      | Killed a troll
  7813 | D:6      | Reached skill level 9 in Dodging
  7813 | D:6      | Reached XP level 9. HP: 42/42 MP: 10/10
  8164 | D:7      | Reached skill level 7 in Fighting
  8372 | D:7      | Reached skill level 9 in Stealth
  8381 | D:7      | Reached ** piety under Dithmenos
  8390 | D:7      | Noticed Joseph
  8393 | D:7      | Killed Joseph
  8571 | D:7      | Found a sparkling altar of Nemelex Xobeh.
  8573 | D:7      | Found a hazy altar of Hepliaklqana.
  8677 | D:7      | Reached skill level 8 in Unarmed Combat
  8742 | D:7      | Learned a level 1 spell: Beastly Appendage
  8874 | D:8      | Reached skill level 10 in Dodging
  8951 | D:8      | Noticed Psyche
  8959 | D:8      | Reached skill level 10 in Stealth
  8972 | D:8      | Killed Psyche
  8994 | D:8      | Learned a level 3 spell: Mephitic Cloud
  9242 | D:8      | Noticed Grum
  9264 | D:8      | Reached XP level 10. HP: 21/48 MP: 11/11
  9282 | D:7      | Reached skill level 8 in Fighting
  9546 | D:8      | Killed Grum
  9546 | D:8      | Reached *** piety under Dithmenos
  9725 | D:9      | Found a basalt altar of Yredelemnul.
  9920 | D:9      | Reached skill level 1 in Invocations
 11040 | D:9      | Reached skill level 2 in Invocations
 11166 | D:10     | Entered Level 10 of the Dungeon
 11202 | D:10     | HP: 2/49 [troll (3)]
 11204 | D:10     | Slain by a troll
 11205 | D:10     | Reached XP level 9. HP: 0/45 MP: 11/11
 11221 | D:10     | Reached skill level 11 in Stealth
 11227 | D:10     | Noticed an unseen horror
 11234 | D:10     | Killed an unseen horror
 11234 | D:10     | Reached skill level 11 in Dodging
 11234 | D:10     | Reached skill level 9 in Unarmed Combat
 11262 | D:10     | Reached skill level 3 in Invocations
 11264 | D:10     | Reached XP level 10. HP: 45/49 MP: 8/13
 11463 | D:10     | Found a staircase to the Lair.
 11623 | D:10     | Reached skill level 9 in Fighting
 12051 | D:10     | HP: 4/49 [troll (17)]
 12479 | D:10     | Reached **** piety under Dithmenos
 12557 | D:11     | Reached skill level 4 in Invocations
 12980 | D:11     | Noticed a two-headed ogre
 12992 | D:11     | Killed a two-headed ogre
 12992 | D:11     | Reached skill level 12 in Stealth
 13006 | D:11     | Found a staircase to the Orcish Mines.
 13155 | D:11     | Noticed an orc knight
 13155 | D:11     | Noticed a four-headed hydra
 13163 | D:11     | Killed a four-headed hydra
 13163 | D:11     | Reached XP level 11. HP: 42/53 MP: 15/15
 13176 | D:11     | Killed an orc knight
 13176 | D:11     | Reached skill level 12 in Dodging
 13328 | D:11     | Noticed a red ugly thing
 13349 | D:11     | Killed a red ugly thing
 13349 | D:11     | Reached skill level 10 in Unarmed Combat
 13349 | D:11     | Reached skill level 5 in Invocations
 13769 | D:11     | Noticed a purple ugly thing
 13784 | D:11     | Killed a purple ugly thing
 13803 | D:11     | Noticed an eight-headed hydra
 13806 | D:11     | Killed an eight-headed hydra
 14077 | D:12     | Noticed Josephine
 14340 | D:12     | Noticed a purple ugly thing
 14717 | Lair:1   | Entered Level 1 of the Lair of Beasts
 14909 | Lair:1   | HP: 3/54 [rime drake (7)]
 14916 | Lair:1   | HP: 3/54 [wolf (9)]
 14932 | Lair:1   | Gained mutation: Your spells are a little harder to cast,
                  | but a little more powerful. [potion of mutation]
 14932 | Lair:1   | Gained mutation: You are agile. (Dex +2) [potion of
                  | mutation]
 14932 | Lair:1   | Gained mutation: You occasionally shout uncontrollably at
                  | your foes. [potion of mutation]
 14932 | Lair:1   | Gained mutation: You are resistant to hostile enchantments.
                  | (MR+) [potion of mutation]
 14940 | Lair:1   | Impaled on a porcupine's spines
 14941 | Lair:1   | Reached XP level 10. HP: -2/76 MP: 15/15
 14979 | Lair:1   | Noticed a black mamba
 14988 | Lair:1   | Killed a black mamba
 14988 | Lair:1   | Reached skill level 10 in Fighting
 15202 | Lair:1   | Reached skill level 13 in Stealth
 15322 | Lair:1   | Reached XP level 11. HP: 54/54 MP: 16/16
 15410 | Lair:1   | Reached skill level 6 in Invocations
 15559 | Lair:1   | Identified a scroll of acquirement
 15586 | Lair:1   | Learned a level 6 spell: Statue Form
 15688 | Lair:2   | Reached skill level 1 in Transmutations
 15797 | Lair:2   | Reached skill level 1 in Earth Magic
 15910 | Lair:2   | Found a runed translucent door.
 15910 | Lair:2   | Found a shimmering altar of Xom.
 15910 | Lair:2   | Noticed Jimy's ghost (journeyman NaFi)
 15911 | Lair:2   | Noticed a +2 flail of chaos
 16036 | Lair:2   | Reached skill level 2 in Transmutations
 16055 | Lair:2   | Reached skill level 2 in Earth Magic
 16429 | Lair:2   | Reached ***** piety under Dithmenos
 16433 | Lair:2   | Found a staircase to the Snake Pit.
 16704 | Lair:2   | Reached skill level 3 in Transmutations
 17155 | Lair:2   | Reached skill level 3 in Earth Magic
 17368 | Lair:3   | Reached skill level 4 in Transmutations
 17455 | Lair:3   | Noticed Geaczug's ghost (journeyman TrMo)
 17490 | Lair:3   | Found a runed translucent gate.
 17490 | Lair:3   | Found a runed translucent gate.
 17490 | Lair:3   | Found a runed translucent gate.
 17694 | Lair:3   | Noticed Gastronok
 18252 | Lair:3   | Found a staircase to the Swamp.
 18309 | Lair:3   | Reached skill level 4 in Earth Magic
 18593 | Lair:3   | Reached skill level 5 in Transmutations
 19853 | Lair:4   | Found a dark tunnel.
 19863 | Volcano  | Entered a volcano
 20609 | Volcano  | Reached skill level 6 in Transmutations
 21061 | Volcano  | Found a radiant altar of Vehumet.
 21061 | Volcano  | Noticed a red ugly thing
 21061 | Volcano  | Noticed a sun demon
 21066 | Volcano  | Reached skill level 5 in Earth Magic
 21077 | Volcano  | Killed a red ugly thing
 21081 | Volcano  | Killed a sun demon
 21081 | Volcano  | Gained mutation: Your thick and shaggy fur keeps you warm.
                  | (AC +3, rC+) [Felid growth]
 21081 | Volcano  | Reached XP level 12. HP: 58/58 MP: 17/17
 21227 | Volcano  | Slain by a red ugly thing

Levels and vault maps discovered:
D:1:      minmay_arrival_doors, layout_basic
D:2:      layout_basic, lemuel_coloured_pillars_altar, first_ration,
          nicolae_ru_great_annihilating_truth
D:3:      layout_loops_ring, nicolae_overflow_hidden_temple,
          grunt_dithmenos_smoke, tso_metal_star
D:4:      minmay_polygon_palace, layout_basic, serial_shops, shop,
          nicolae_shop_overgrown_old_shop, chequers_mini_garden, fedhas_altar_2,
          uniq_eustachio
D:5:      layout_rooms, minmay_temple_entry_drinking_statues,
          minmay_divided_ellipse, uniq_menkaure, uniq_prince_ribbit1
D:6:      layout_basic, basic_altar, uniq_pikel, uniq_grinder
D:7:      nicolae_whirlpool, layout_loops_cross, grunt_temple_overflow_open,
          minmay_misc_feat_columns, uniq_joseph
D:8:      layout_rooms, uniq_grum, uniq_psyche
D:9:      layout_cave_pods, basic_altar, blue_anna_alchemist
          [blue_anna_fruit_fields, blue_anna_fruit_fields]
D:10:     layout_roguey, david_lair_shrubbed
D:11:     layout_irregular_city, erik_orc_4, minmay_bent
D:12:     layout_loops_ring, nicolae_trove_entry_columns, minmay_puff,
          uniq_josephine, uniq_kirke, uniq_nergalle
Temple:   minmay_temple_bridge_d
Lair:1:   layout_chaotic_city
Lair:2:   layout_gridlike, minmay_snake_entry_guardpost_medium,
          ebering_ghost_xom, cheibrodos_lair_reptile_den
Lair:3:   layout_cave_pods, swamp_mist_pool, gammafunk_ghost_split,
          minmay_hedge_maze, uniq_gastronok
Lair:4:   lemuel_slime, layout_concentric_octagons,
          ebering_ghost_reflecting_pool, lightli_volcano_entry_magma_tube,
          lemuel_fruit_tree
Volcano:  volcano_lake [vl_original]

Skill      XL: |  1  2  3  4  5  6  7  8  9 10 11 |
---------------+----------------------------------+-----
Stealth        | 1 2 3 4 6 8 11 13 | 13.2
Dodging        | 5 7 9 11 12 | 12.8
Fighting       | 4 5 6 7 10 | 10.2
Unarmed Combat | 5 6 7 9 10 | 10.5
Invocations    | 3 4 6 |  6.1
Transmutations | 6 |  6.5
Earth Magic    | 5 |  5.4

Action                   |  1- 3 |  4- 6 |  7- 9 | 10-12 || total
-------------------------+-------+-------+-------+-------++-------
Melee: Unarmed           |    87 |   148 |   279 |   778 ||  1292
       Bite              |     7 |    12 |    31 |    96 ||   146
       Punch             |     1 |     3 |     9 |    43 ||    56
       Headbutt          |       |       |     2 |     3 ||     5
 Cast: Beastly Appendage |       |       |     1 |     1 ||     2
Invok: Shadow Step       |       |       |     1 |     1 ||     2
 Abil: Evoke Berserk Rag |       |       |       |     3 ||     3
Evoke: Wand              |       |       |     1 |    30 ||    31
  Use: Scroll            |       |     9 |       |    13 ||    22
       Potion            |       |       |     4 |    12 ||    16
 Stab: Sleeping          |    10 |     6 |    30 |    47 ||    93
       Distracted        |       |     2 |     2 |    10 ||    14
       Invisible         |       |       |       |     1 ||     1
  Eat: Chunk             |       |     8 |     9 |    37 ||    54
Armor: Skin              |     2 |     6 |     8 |    13 ||    29
Dodge: Dodged            |    61 |   111 |   214 |   751 ||  1137

Table legend:
 A = Non-vault XP
 B = Vault XP
 C = Vault XP percentage of total XP
 D = Non-vault monster count
 E = Vault monster count
 F = Vault count percentage of total count
                 A         B        C        D         E       F
            +---------+---------+-------+---------+---------+-------
      Total |   24901 |   10792 |  30.2 |     274 |      73 |  21.0
            +---------+---------+-------+---------+---------+-------
        D:1 |      45 |       0 |   0.0 |      19 |       0 |   0.0
        D:2 |      71 |       7 |   9.0 |      16 |       4 |  20.0
        D:3 |     168 |       0 |   0.0 |      14 |       0 |   0.0
        D:4 |     260 |      58 |  18.2 |      11 |       4 |  26.7
        D:5 |     507 |     737 |  59.2 |      19 |      11 |  36.7
        D:6 |     693 |     856 |  55.3 |       7 |       2 |  22.2
        D:7 |     854 |     561 |  39.6 |      25 |       2 |   7.4
        D:8 |     701 |     846 |  54.7 |      15 |       4 |  21.1
        D:9 |    1981 |      95 |   4.6 |      32 |       1 |   3.0
       D:10 |    4210 |     514 |  10.9 |      33 |       3 |   8.3
       D:11 |    4537 |    2904 |  39.0 |      25 |      21 |  45.7
       D:12 |     173 |     209 |  54.7 |       4 |       1 |  20.0
     Lair:1 |    4291 |       0 |   0.0 |      20 |       0 |   0.0
     Lair:2 |    2396 |    1654 |  40.8 |      12 |       8 |  40.0
     Lair:3 |    3917 |       0 |   0.0 |      21 |       0 |   0.0
     Lair:4 |      97 |       0 |   0.0 |       1 |       0 |   0.0
    Volcano |       0 |    2351 | 100.0 |       0 |      12 | 100.0
            +---------+---------+-------+---------+---------+-------
